 Dungeon Crawl Stone Soup version 0.18.1-50-g88ac8fd (webtiles) character file.

217 magog001 the Sneak (level 5, -2/38 HPs)
             Began as a Vampire Assassin on Nov 30, 2016.
             Slain by a gnoll (6 damage)
             ... on level 3 of the Dungeon.
             The game lasted 00:18:40 (1870 turns).

magog001 the Sneak (Vampire Assassin)               Turns: 1870, Time: 00:18:41

Health: -2/38      AC:  3    Str:  6 (10) XL:     5   Next: 62%
Magic:  0/5        EV: 13    Int: 11 (14) God:
Gold:   64         SH:  0    Dex: 15 (18) Spells: 0 memorised, 4 levels left

rFire  . . .     SeeInvis +     a - +2 dagger
rCold  . . .     Gourm    .     h - +0 robe
rNeg   . . .     Faith    .     (no shield)
rPois  .         Spirit   +     (no helmet)
rElec  .         Dismiss  .     d - +0 cloak
rCorr  .         Reflect  .     (no gloves)
SustAt .         Harm     .     (no boots)
MR     .....                    o - amulet of guardian spirit
Stlth  ++++......               (no ring)
                                (no ring)

@: very slightly contaminated, regenerating quickly, not resistant to hostile
enchantments, stealthy
A: fangs 3, see invisible, agile 1, deterioration 1, mutation resistance 1,
unbreathing
a: no special abilities


You were on level 3 of the Dungeon.
You were very full.

You visited 1 branch of the dungeon, and saw 3 of its levels.

You collected 64 gold pieces.

Inventory:

Hand Weapons
 a - a +2 dagger (weapon)
 b - a +0 blowgun
Missiles
 e - 3 poisoned needles
 f - a curare-tipped needle
Armour
 c - a +0 robe
 d - a +0 cloak (worn)
 h - a +0 robe (worn)
Jewellery
 o - an amulet of guardian spirit (around neck)
Wands
 p - a wand of digging (14/24)
Scrolls
 i - a scroll of magic mapping
 j - a scroll of identify
 l - 3 scrolls of remove curse
Potions
 g - 7 potions of blood
 k - a potion of lignification {unknown}
 q - a potion of curing


   Skills:
 + Level 2.0 Fighting
 + Level 2.4 Short Blades
 * Level 3.3 Throwing
 * Level 2.6 Dodging
 * Level 7.7 Stealth


You had 4 spell levels left.
You didn't know any spells.

Dungeon Overview and Level Annotations

Branches:
Dungeon (3/15)

Altars:


Innate Abilities, Weirdness & Mutations

Your natural rate of healing is unusually fast.
You have razor-sharp teeth.
You have supernaturally acute eyesight.
You can survive without breathing.
You are agile. (Dex +2)
Your body sometimes deteriorates upon taking damage.
You are somewhat resistant to further mutation.


Message History

You kill the gnoll!
Drink which item? (? for menu, Esc to quit)
You feel better. The gnoll hits you!
* * * LOW HITPOINT WARNING * * *
You completely miss the gnoll. The gnoll hits you.
* * * LOW HITPOINT WARNING * * *
You hit the gnoll.
The gnoll is moderately wounded.
The gnoll hits you.
* * * LOW HITPOINT WARNING * * *
You hit the gnoll.
The gnoll is heavily wounded.
The gnoll hits you.
* * * LOW HITPOINT WARNING * * *
Drink which item? (? for menu, Esc to quit)
It was a potion of degeneration.
There was something very wrong with that liquid.
You feel weakened.
You feel dopey.
You feel clumsy. The gnoll hits you.
You die...

....... #.....#.# ##.##
#.#.#..#######......#.#
#...#
#.....#....)........#.#
#.#.#
#.#.#..........######.#
#.#.#
#..............#......#
#.#.#
#......g.......#.######
#.#.#
#..............#.#
#.#.#
#........#######.#
#####.#.#
#..........g@....##
#...#.#.#
#######...######).#
#.#...#.# #...# #..#
#.###.#.# #...# #..#
#.# #...# #...######..#
#.# ##### #....#...#..#
#.# #. ## #..#.#.#....#
#.# #.#.# #..#.#.###..#
#.# #.#.#
#..#.#.#......#.#


You could see a gnoll.

Vanquished Creatures
  Jessica (D:2)
  Ijyb (D:3)
  Natasha (thrice) (D:2)
  2 gnolls (D:3)
  4 adders
  A worm (D:2)
  A giant gecko (D:2)
  4 bats (D:2)
  2 giant cockroaches
  3 goblins
  5 hobgoblins
  3 jackals (D:2)
  A quokka (D:2)
  A giant newt (D:1)
  3 kobolds
  2 rats (D:2)
37 creatures vanquished.

Notes
Turn   | Place    | Note
--------------------------------------------------------------
     0 | D:1      | magog001 the Vampire Assassin began the quest for the Orb.
     0 | D:1      | Reached XP level 1. HP: 16/16 MP: 1/1
    39 | D:1      | Reached skill level 6 in Stealth
   207 | D:1      | Reached XP level 2. HP: 22/22 MP: 2/2
   582 | D:2      | Noticed Jessica
   588 | D:2      | Killed Jessica
   588 | D:2      | Reached skill level 7 in Stealth
   588 | D:2      | Reached XP level 3. HP: 23/27 MP: 3/3
   900 | D:2      | Noticed Natasha
   910 | D:2      | Killed Natasha
   910 | D:2      | Reached XP level 4. HP: 33/33 MP: 4/4
  1240 | D:2      | Noticed Natasha
  1251 | D:2      | Killed Natasha
  1478 | D:2      | Noticed Natasha
  1487 | D:2      | Killed Natasha
  1487 | D:2      | Reached XP level 5. HP: 38/38 MP: 5/5
  1602 | D:2      | Gained mutation: You are agile. (Dex +2) [potion of beneficial mutation]
  1621 | D:2      | Gained mutation: You are somewhat resistant to further mutation. [potion of beneficial mutation]
  1686 | D:3      | Gained mutation: Your body sometimes deteriorates upon taking damage. [mutagenic glow]
  1701 | D:3      | Noticed Ijyb
  1722 | D:3      | Killed Ijyb
  1870 | D:3      | Slain by a gnoll

Skill      XL: |  1  2  3  4  5 |
---------------+----------------+-----
Stealth        | 6 7 |  7.7
Throwing       | 2 3 |  3.3
Fighting       | 2 |  2.0
Dodging        | 2 |  2.6
Short Blades   | |  2.4

Action                   |  1- 3 |  4- 6 || total
-------------------------+-------+-------++-------
Melee: Dagger            |    25 |    51 ||    76
       Bite              |     2 |     6 ||     8
 Fire: Blowgun           |    42 |    17 ||    59
  Use: Scroll            |     4 |     2 ||     6
       Potion            |       |    15 ||    15
 Stab: Sleeping          |       |     6 ||     6
Armor: Robe              |    13 |     1 ||    14
Dodge: Dodged            |    23 |    16 ||    39
